 Dungeon Crawl Stone Soup version 0.32-a0-612-g1c984fe9d1 (webtiles) character file.

Game seed: 12123826019149047284

44 Maxmaps the Insei (level 3, -2/29 HPs)
             Began as a Demonspawn Monk on Mar 5, 2024.
             Slain by a gnoll
             ... wielding a +1 whip of holy wrath
              (6 damage)
             ... on level 2 of the Dungeon.
             The game lasted 00:01:35 (1193 turns).

Maxmaps the Insei (Demonspawn Monk)                 Turns: 1193, Time: 00:01:36

Health: -2/29      AC:  6    Str: 11    XL:     3   Next: 41%
Magic:  3/3        EV: 11    Int: 12    God:
Gold:   49         SH:  0    Dex: 15    Spells: 2/2 levels left

rFire   . . .        h - +1 dagger (venom)
rCold   . . .        c - orb {light}
rNeg    . . .        j - +0 ring mail
rPois   .            (no helmet)
rElec   .            (no cloak)
rCorr   .            (no gloves)
SInv    .            n - +0 pair of boots
Will    .....        (no amulet)
Stlth   +            (no ring)
HPRegen 0.24/turn    (no ring)
MPRegen 0.08/turn

%: no passive effects
@: glowing
A: hooves 1
a: no special abilities


You were on level 2 of the Dungeon.
You visited 1 branch of the dungeon, and saw 2 of its levels.

You collected 49 gold pieces.

Inventory:

Hand Weapons
 h - a +1 dagger of venom (weapon)
Armour
 c - an orb of light (worn)
 j - a +0 ring mail (worn)
 n - a +0 pair of boots (worn)
Jewellery
 f - a ring of fire
Scrolls
 d - a scroll of identify {unknown}
 g - 2 scrolls of poison {unknown}
 i - 3 scrolls of teleportation {unknown}
 k - a scroll of blinking {unknown}
 l - a scroll of noise {unknown}
 m - a scroll of enchant weapon {unknown}
Potions
 b - a potion of ambrosia
 e - a potion of mutation {unknown}


   Skills:
 - Level 3.0 Fighting
 + Level 1.9 Short Blades
 - Level 2.6 Dodging
 - Level 3.4 Unarmed Combat


You had 2 spell levels left.
You didn't know any spells.
Your spell library contained the following spells:

 Spells                   Type           Power      Damage    Failure   Level
 Sting                    Conj/Alch      0%         1d3       63%         1
 Mercury Vapours          Alch/Air       0%         N/A       77%         2
 Olgreb's Toxic Radiance  Alch           0%         N/A       100%        4


Dungeon Overview and Level Annotations

Branches:
Dungeon (2/15)

Altars:

Shops:
D:1 :

Annotations:
D:2 Terence


Innate Abilities, Weirdness & Mutations

You have large cloven feet.


Message History

The ball python hisses angrily.
The gnoll shouts!
A gnoll comes into view. It is wielding a +1 whip of holy wrath.
The gnoll moves out of view.
The gnoll shouts!
The ball python bites you but does no damage.
The ball python barely misses you.
There are monsters nearby!
You hit the ball python but do no damage.
The ball python is poisoned.
The ball python barely misses you. The ball python grabs you.
The ball python constricts you.
You hit the ball python.
The ball python looks as sick as possible!
The ball python is severely wounded.
You kill the ball python!
A gnoll comes into view. It is wielding a +0 spear.
Terence the Incautious comes into view.
He is wielding a +0 flail.
Terence shouts!
The gnoll shouts!
You hit the gnoll.
The gnoll is lightly wounded.
The gnoll misses you.
You hit the gnoll.
The gnoll is poisoned.
The gnoll is moderately wounded.
The gnoll hits you but does no damage. The gnoll barely misses you.
The gnoll hits you from afar with a +0 spear.
You hit the gnoll.
The gnoll looks as sick as possible!
The gnoll is severely wounded.
The gnoll hits you with a +1 whip of holy wrath.
You convulse.
The gnoll hits you with a +0 whip.
The gnoll hits you from afar with a +0 spear.
The gnoll attacks as it pursues you! The gnoll hits you with a +0 whip.
* * * LOW HITPOINT WARNING * * *
You hit the gnoll but do no damage.
You kill the gnoll!
The gnoll hits you but does no damage.
You hit the gnoll.
The gnoll is poisoned.
The gnoll is moderately wounded.
The gnoll hits you with a +1 whip of holy wrath.
* * * LOW HITPOINT WARNING * * *
You convulse.
You die...

#.
.......................##
#.
#.....................#
#.
#.................<[..#
#.#....################
####....# #....# #....#
##...## #@...# #g@..#
......g....#
.......).....#
.............#
.......##.##..# .......
#.# $... ....... .# ...
....... ##


You could see Terence and 2 gnolls.

Vanquished Creatures
  A gnoll (D:2)
  3 bats
  3 endoplasms (D:1)
  2 giant cockroaches
  3 goblins (D:1)
  3 hobgoblins
  2 jackals (D:1)
  A quokka (D:2)
  3 ball pythons
  A frilled lizard (D:1)
  6 kobolds
  2 rats
30 creatures vanquished.

Notes
Turn   | Place    | Note
-------+----------+-------------------------------------------
     0 | D:1      | Maxmaps the Demonspawn Monk began the quest for the Orb.
     0 | D:1      | Reached XP level 1. HP: 18/18 MP: 1/1
    85 | D:1      | Found Leza Minets's Vocational Training.
   288 | D:1      | Gained mutation: You have large cloven feet. [demonic
                  | ancestry]
   288 | D:1      | Reached XP level 2. HP: 9/24 MP: 2/2
   791 | D:1      | Reached skill level 1 in Short Blades
   955 | D:2      | Reached XP level 3. HP: 16/29 MP: 3/3
  1187 | D:2      | Noticed Terence
  1193 | D:2      | Slain by a gnoll

Illustrated notes

Levels and vault maps discovered:
D:1:      minmay_arrival_nine_rooms, layout_basic, nicolae_shop_vocational
D:2:      layout_basic, uniq_terence

Skill      XL: |  1  2 |
---------------+-------+-----
Unarmed Combat | 3 |  3.4
Short Blades   | 1 |  1.9
Fighting       | |  3.0
Dodging        | |  2.6

Action                     || total
---------------------------++-------
  Melee: Unarmed           ||    32
         Dagger            ||    36
         Kick              ||     7
 Armour: Robe              ||    22
         Ring mail         ||    23
  Dodge: Dodged            ||    45

Table legend: (Time is in decaauts)
 A = Elapsed time spent in this place.
 B = Non-inter-level travel time spent in this place.
 C = Inter-level travel time spent in this place.
 D = Time resting spent in this place.
 E = Time spent auto-exploring this place.
 F = Levels seen in this place.
 G = Mean time per level.
                   A        B        C        D        E       F      G
               +--------+--------+--------+--------+--------+-----+--------+
         Total |   1188 |   1121 |     67 |     81 |    862 |   2 |  594.0 |
       Dungeon |   1188 |   1121 |     67 |     81 |    862 |   2 |  594.0 |
               +--------+--------+--------+--------+--------+-----+--------+

Top non-repeatable levels by time:
     D:1: 845 daAuts
     D:2: 343 daAuts
